 Dungeon Crawl Stone Soup version 0.25.1-2-g60ff931df9 (webtiles) character file.

Game seed: 11909663558607058356

135 DearestLeader the Digger (level 5, 0/28 HPs)
             Began as a Gargoyle Earth Elementalist on Oct 16, 2020.
             Was an Initiate of Vehumet.
             Slain by a mummy (1 damage)
             ... in an ossuary.
             The game lasted 00:05:00 (3294 turns).

DearestLeader the Digger (GrEE)                     Turns: 3294, Time: 00:05:00

Health: 0/28       AC:  7    Str: 12    XL:     5   Next: 18%
Magic:  7/8        EV: 12    Int: 16    God:    Vehumet [......]
Gold:   92         SH:  0    Dex: 10    Spells: 2/8 levels left

rFire    . . .     SeeInvis .   l - +2 rapier (speed)
rCold    . . .     Gourm    .   (no shield)
rNeg     + . .     Faith    .   c - +0 robe
rPois    ∞         Spirit   .   n - +0 helmet
rElec    +         Reflect  .   (no cloak)
rCorr    .         Harm     .   (no gloves)
MR       .....                  (no boots)
Stlth    ++........             (no amulet)
HPRegen  0.09/turn              (no ring)
MPRegen  0.11/turn              (no ring)

@: no status effects
A: negative energy resistance 1, electricity resistance, unbreathing,
petrification resistance, rot immunity, AC +4
a: Renounce Religion


You were in an ossuary.
You worshipped Vehumet.
Vehumet was noncommittal.
You were not hungry.

You visited 1 branch of the dungeon, and saw 4 of its levels.
You also visited: Ossuary.

You collected 92 gold pieces.

Inventory:

Hand Weapons
 i - a +0 whip
 l - a +2 rapier of speed (weapon)
Missiles
 b - 51 stones (quivered)
Armour
 c - a +0 robe (worn)
 h - a +0 buckler
 n - a +0 helmet (worn)
Scrolls
 e - 4 scrolls of teleportation
 f - a scroll of identify {unknown}
 g - a scroll of fear {unknown}
 j - a scroll of blinking
 m - a scroll of magic mapping {unknown}
 p - a scroll of amnesia {unknown}
Potions
 a - a potion of curing {unknown}
 k - 2 potions of haste {unknown}
Comestibles
 d - 7 rations


   Skills:
 - Level 1.5 Dodging
 - Level 2.1 Stealth
 - Level 2.0 Spellcasting
 - Level 0.7 Transmutations
 * Level 6.9 Earth Magic


You had 2 spell levels left.
You knew the following spells:

 Your Spells              Type           Power        Failure   Level  Hunger
a - Sandblast             Erth           ###...       1%          1    #......
b - Passwall              Tmut/Erth      ##......     7%          2    ###....
c - Stone Arrow           Conj/Erth      ##....       16%         3    ###....

Your spell library contained the following spells:

 Spells                   Type           Power        Failure   Level  Hunger
 Lee's Rapid Deconstruct  Erth           ###.......   32%         5    ######.
 Petrify                  Tmut/Erth      ##......     41%         4    #####..


Dungeon Overview and Level Annotations

Branches:
Dungeon (4/15)            Ossuary (1/1)
 Temple: D:4-7

Altars:
Dithmenos
Gozag
Ru
Vehumet

Annotations:
D:2 1 runed translucent door, Crazy Yiuf


Innate Abilities, Weirdness & Mutations

You are resistant to torment.
Your stone body is resilient. (AC +4)
You are immune to poison.
You resist negative energy. (rN+)
You are resistant to electric shocks. (rElec)
You can survive without breathing.
You are immune to petrification.
You are immune to rotting.


Message History

The mummy is lightly damaged.
All of the chunks of flesh in your inventory have rotted away.
You closely miss the mummy.
The mummy is lightly damaged.
You closely miss the mummy.
The mummy is lightly damaged.
The mummy hits you!
Ouch! That really hurt!
* * * LOW HITPOINT WARNING * * *
You are too injured to fight recklessly!
Casting: Sandblast (safe; 1% risk of failure)
Confirm with . or Enter, or press ? or * to list all spells.
Aiming: Sandblast (safe; 1% risk of failure)
Press: ? - help, Shift-Dir - straight line, f - mummy
Aim: a mummy (lightly damaged)
The blast of sand hits the mummy.
The mummy is moderately damaged.
b - 51 stones The mummy hits you.
You die...

# ##!##
###..^.
##.M.#
##.@#
#..## ###
##'##
#∩###...#
#..'....+
#∩###...#
### ##+##


You could see a mummy.

Vanquished Creatures
  5 adders
  2 oozes
  5 worms
  3 leopard geckos (D:2)
  2 orcs (D:3)
  3 giant cockroaches
  6 goblins
  8 hobgoblins
  2 jackals (D:3)
  2 quokkas
  6 bats
  6 frilled lizards
  A goblin skeleton (Ossuary)
  5 kobolds
  An orc skeleton (Ossuary)
  9 rats
66 creatures vanquished.

Notes
Turn   | Place    | Note
-------+----------+-------------------------------------------
     0 | D:1      | DearestLeader the Gargoyle Earth Elementalist began the
                  | quest for the Orb.
     0 | D:1      | Reached XP level 1. HP: 10/10 MP: 3/3
   147 | D:1      | Reached skill level 4 in Earth Magic
   348 | D:1      | Reached XP level 2. HP: 15/15 MP: 3/5
  1111 | D:2      | Reached skill level 5 in Earth Magic
  1111 | D:2      | Reached XP level 3. HP: 19/19 MP: 4/6
  1283 | D:2      | Found an opulent altar of Gozag.
  1394 | D:2      | Reached XP level 4. HP: 23/24 MP: 7/7
  1601 | D:2      | Found a sacrificial altar of Ru.
  1614 | D:2      | Reached skill level 6 in Earth Magic
  2095 | D:2      | Found a runed translucent door.
  2096 | D:2      | Noticed Crazy Yiuf
  2592 | D:3      | Found a radiant altar of Vehumet.
  2596 | D:3      | Became a worshipper of Vehumet
  2632 | D:3      | Reached XP level 5. HP: 27/28 MP: 8/8
  2824 | D:3      | Found a shadowy altar of Dithmenos.
  3246 | D:3      | Learned a level 2 spell: Passwall
  3250 | D:3      | Learned a level 3 spell: Stone Arrow
  3269 | D:4      | Found a sand-covered staircase.
  3276 | Ossuary  | Entered an ossuary
  3293 | Ossuary  | HP: 1/28 [mummy (16)]
  3294 | Ossuary  | Slain by a mummy

Illustrated notes

Levels and vault maps discovered:
D:1:      dpeg_arrival_long_road, layout_loops_ring
D:2:      layout_loops_cross, nicolae_ru_awakened_eye,
          nicolae_overflow_hidden_temple, uniq_crazy_yiuf_cottage
D:3:      kennysheep_big_flooded_room, layout_basic, vehumet_crystals,
          grunt_dithmenos_smoke_and_mirrors, first_ration
D:4:      layout_loops_cross, minmay_temple_entry_sparse_star,
          nicolae_ossuary_entry_monument, uniq_menkaure
Ossuary:  ossuary_due_small_catacomb

Skill      XL: |  1  2  3  4 |
---------------+-------------+-----
Earth Magic    | 4 5 6 |  6.9
Dodging        | |  1.5
Stealth        | |  2.1
Spellcasting   | |  2.0
Transmutations | |  0.7

Action                   |  1- 3 |  4- 6 || total
-------------------------+-------+-------++-------
Melee: Unarmed           |    38 |       ||    38
       Whip              |    15 |       ||    15
       Rapier            |    20 |   113 ||   133
 Cast: Sandblast         |    15 |     1 ||    16
  Use: Scroll            |       |     2 ||     2
 Stab: Sleeping          |     4 |     1 ||     5
  Eat: Chunk             |     2 |     6 ||     8
Armor: Robe              |    27 |    25 ||    52
Dodge: Dodged            |    55 |    60 ||   115
